 Dungeon Crawl Stone Soup version 0.31-a0-819-gf6de2f5ab6 (webtiles) character file.

Game seed: 6514488678701452422

2128 qw the Skirmisher (level 9, -5/56 HPs)
             Began as a Gargoyle Hunter on Sept 23, 2023.
             Slain by a gargoyle
             ... wielding a +0 mace
              (11 damage)
             ... on level 6 of the Dungeon.
             The game lasted 00:01:55 (4116 turns).

qw the Skirmisher (Gargoyle Hunter)                 Turns: 4116, Time: 00:01:56

Health: -5/56      AC: 11    Str: 20    XL:     9   Next: 29%
Magic:  9/9        EV: 13    Int: 11    God:
Gold:   281        SH:  0    Dex: 17    Spells: 8/8 levels left

rFire   . . .        Y - +1 shortbow (drain)
rCold   . . .        (shield currently unavailable)
rNeg    + . .        k - +0 ring mail
rPois   inf          (no helmet)
rElec   +            (no cloak)
rCorr   .            (no gloves)
SInv    .            (no boots)
Will    .....        (no amulet)
Stlth   +            a - +6 ring of strength
HPRegen 0.29/turn    (no ring)
MPRegen 0.11/turn

%: no passive effects
@: about to teleport
A: sickness immunity, AC +6, negative energy resistance 1, electricity
resistance, torment resistance 1, petrification resistance
a: no special abilities


You were on level 6 of the Dungeon.
You visited 1 branch of the dungeon, and saw 6 of its levels.

You collected 281 gold pieces.


Innate Abilities, Weirdness & Mutations

You are immune to sickness and miasma.
Your stone body is resilient. (AC +6)
You are immune to poison.
You resist negative energy. (rN+)
You are resistant to electric shocks. (rElec)
You are resistant to unholy torment.
You are immune to petrification.


   Skills:
 + Level 6.3 Fighting
 - Level 10.0 Ranged Weapons
 - Level 2.0 Armour
 - Level 4.5 Dodging
 - Level 1.1 Stealth


You had 8 spell levels left.
You didn't know any spells.
Your spell library was empty.

Inventory:

Hand Weapons
 Y - a +1 shortbow of draining (weapon)
Armour
 k - a +0 ring mail (worn)
Jewellery
 a - a +6 ring of strength (left hand)
 c - a ring of ice
Scrolls
 g - 2 scrolls of identify
Potions
 b - a potion of might
 d - a potion of berserk rage {unknown}
 e - a potion of invisibility {unknown}
 h - a potion of resistance {unknown}
 j - a potion of brilliance {unknown}
 l - a potion of attraction {unknown}

Dungeon Overview and Level Annotations

Branches:
Dungeon (6/15)
 Temple: D:4-7

Altars:
Dithmenos
Elyvilon
Fedhas
Hepliaklqana
Nemelex Xobeh
Ru
Sif Muna
Uskayaw
Zin

Shops:
D:2 :


Message History

The gargoyle is lightly damaged.
You shoot an arrow.
The arrow hits the gargoyle but does no damage.
The gargoyle is lightly damaged.
You shoot an arrow. The arrow hits the gargoyle.
The gargoyle is moderately damaged.
The gargoyle hurls a stone arrow at you.
The stone arrow hits you.
You shoot an arrow.
The arrow hits the gargoyle but does no damage.
The gargoyle is moderately damaged.
The gargoyle hurls a stone arrow at you.
The stone arrow misses you.
You shoot an arrow. The arrow hits the gargoyle.
The gargoyle is heavily damaged.
The gargoyle hurls a stone arrow at you.
The stone arrow hits you!
You shoot an arrow.
The arrow hits the gargoyle but does no damage.
The gargoyle is heavily damaged.
The gargoyle hurls a stone arrow at you.
The stone arrow misses you.
You shoot an arrow.
The arrow hits the gargoyle but does no damage.
The gargoyle is heavily damaged.
The gargoyle hits you with a +0 mace!
You shoot an arrow.
The arrow hits the gargoyle but does no damage.
The gargoyle is heavily damaged.
The gargoyle hits you with a +0 mace!!
4115 ||| READING scroll of teleportation.
As you read the scroll of teleportation, it crumbles to dust.
You feel strangely unstable.
The gargoyle hurls a stone arrow at you.
The stone arrow hits you but does no damage.
You shoot an arrow.
The arrow hits the gargoyle but does no damage.
The gargoyle is heavily damaged.
The gargoyle hits you with a +0 mace!
You die...

##### ##.... ..... #....
.... #.#.. ....
#.#.####.. #.#..#....
#######.#..# ..#
#..........###9#
#........#....@#
#.:......#...#.#
#........#...###
###........#...# _#...#
.........>.#.... .....##
.##.>........###+#+###..#
#..........#...#...#..##
#..........#.......#...#
#.........####...####..#


You could see a gargoyle.

Vanquished Creatures
  Pikel (D:4)
  Grinder (D:4)
  Sigmund (D:2)
  Eustachio (D:3)
  A water moccasin (D:5)
  A black bear (D:5)
  3 ogres
  2 lemures (D:4)
  A bullfrog (D:6)
  2 scorpions (D:5)
  An orc priest (D:4)
  2 hounds
  A jelly (D:5)
  A sleepcap (D:5)
  3 iguanas
  Ijyb (D:3)
  4 orc wizards
  6 adders
  A shadow imp (D:6)
  A white imp (D:5)
  2 worms (D:2)
  A dart slug (D:1)
  8 orcs
  10 ball pythons
  6 bats
  3 endoplasms
  3 giant cockroaches
  10 goblins
  8 hobgoblins
  6 jackals
  11 kobolds
  3 quokkas
  2 frilled lizards
  6 rats
114 creatures vanquished.

Vanquished Creatures (others)
  An orc wizard (D:4)
1 creature vanquished.

Grand Total: 115 creatures vanquished

Notes
Turn   | Place    | Note
-------+----------+-------------------------------------------
     0 | D:1      | qw the Gargoyle Hunter began the quest for the Orb.
     0 | D:1      | Reached XP level 1. HP: 12/12 MP: 1/1
     0 | D:1      | 0 ||| qw: Version: 0.3-a-83-gcd0e7d8
     0 | D:1      | 0 ||| qw: Game counter: 1654
     0 | D:1      | 0 ||| qw: Melee chars always use a shield: true
     0 | D:1      | 0 ||| qw: God list: Okawaru
     0 | D:1      | 0 ||| qw: Allow faded altars: false
     0 | D:1      | 0 ||| qw: Do Orc after clearing Dungeon:15 true
     0 | D:1      | 0 ||| qw: Do second Lair branch before Depths: true
     0 | D:1      | 0 ||| qw: Lair rune preference: random
     0 | D:1      | 0 ||| qw: Goals: Normal
     0 | D:1      | 0 ||| PLANNING D:1-11
   114 | D:1      | Reached XP level 2. HP: 17/17 MP: 2/2
   456 | D:1      | Found a faded altar of an unknown god.
   459 | D:1      | Reached XP level 3. HP: 21/21 MP: 3/3
   541 | D:1      | 541 ||| UPGRADING to +0 ring mail.
   551 | D:1      | 551 ||| DROPPING +0 leather armour.
   552 | D:1      | 552 ||| DROPPING ring of wizardry.
   553 | D:1      | 553 ||| READING scroll labelled FUXKAZ ORRUH.
   554 | D:1      | 554 ||| READING scroll labelled ZAYDUE YFUJILE.
   555 | D:1      | 555 ||| READING scroll labelled HECSUKH EDGHUCS.
   558 | D:1      | 558 ||| READING scroll labelled PAISTR SAAMIERO.
   559 | D:1      | 559 ||| DROPPING scroll of butterflies.
   589 | D:2      | Reached skill level 1 in Armour
   611 | D:2      | Reached skill level 5 in Ranged Weapons
   681 | D:2      | Reached XP level 4. HP: 27/27 MP: 4/4
   850 | D:2      | Found Emirphole's Vocational Training.
   898 | D:2      | Noticed Sigmund
   902 | D:2      | 902 ||| FLEEEEING.
   903 | D:2      | 903 ||| FLEEEEING.
   904 | D:2      | 904 ||| FLEEEEING.
   905 | D:2      | 905 ||| FLEEEEING.
   906 | D:2      | 906 ||| FLEEEEING.
   907 | D:2      | 907 ||| FLEEEEING.
   908 | D:2      | 908 ||| FLEEEEING.
   909 | D:2      | 909 ||| FLEEEEING.
   910 | D:2      | 910 ||| FLEEEEING.
   911 | D:2      | 911 ||| FLEEEEING.
   912 | D:2      | 912 ||| FLEEEEING.
   913 | D:2      | 913 ||| STAIRDANCE
   940 | D:1      | 940 ||| UPGRADING to +6 ring of strength.
   941 | D:1      | 941 ||| READING scroll labelled PUIDUTT GOFYH.
   942 | D:1      | 942 ||| DRINKING 2 smoky amethyst potions.
   970 | D:1      | 970 ||| DROPPING potion of lignification.
   973 | D:2      | 973 ||| STAIRDANCE
   991 | D:2      | Killed Sigmund
   992 | D:2      | Reached XP level 5. HP: 35/35 MP: 5/5
   992 | D:2      | Reached XP level 6. HP: 40/40 MP: 6/6
  1203 | D:3      | You fall into a shaft and drop 1 floor!
  1255 | D:4      | Noticed Grinder
  1264 | D:4      | Paralysed by Grinder for 3 turns
  1271 | D:4      | Killed Grinder
  1272 | D:4      | Reached skill level 6 in Ranged Weapons
  1272 | D:4      | Reached XP level 7. HP: 30/44 MP: 7/7
  1444 | D:3      | Reached skill level 7 in Ranged Weapons
  1532 | D:3      | Noticed Ijyb
  1544 | D:3      | Killed Ijyb
  1561 | D:3      | Found a shimmering blue altar of Sif Muna.
  1735 | D:3      | Found a sparkling altar of Nemelex Xobeh.
  1953 | D:3      | 1953 ||| READING scroll labelled TESHRO QACWEA.
  1954 | D:3      | 1954 ||| READING 3 scrolls labelled PAFAOPRUUSS.
  1955 | D:3      | 1955 ||| READING scroll labelled WUGOUXYVIK.
  1956 | D:3      | 1956 ||| READING scroll labelled CIAGIA POHI.
  1957 | D:3      | 1957 ||| READING 2 scrolls of identify.
  1957 | D:3      | 1957 ||| IDENTIFYING metallic clear potion
  2016 | D:4      | Noticed Eustachio
  2018 | D:4      | 2018 ||| STAIRDANCE
  2023 | D:4      | 2023 ||| STAIRDANCE
  2033 | D:4      | 2033 ||| STAIRDANCE
  2050 | D:3      | 2050 ||| FLEEEEING.
  2051 | D:3      | 2051 ||| FLEEEEING.
  2052 | D:3      | 2052 ||| FLEEEEING.
  2060 | D:3      | 2060 ||| FLEEEEING.
  2061 | D:3      | 2061 ||| FLEEEEING.
  2062 | D:3      | 2062 ||| FLEEEEING.
  2064 | D:3      | 2064 ||| FLEEEEING.
  2065 | D:3      | 2065 ||| FLEEEEING.
  2066 | D:3      | 2066 ||| FLEEEEING.
  2083 | D:3      | 2083 ||| Stepping ~*~*~tactically~*~*~ (retreating).
  2084 | D:3      | 2084 ||| Stepping ~*~*~tactically~*~*~ (retreating).
  2086 | D:3      | 2086 ||| Stepping ~*~*~tactically~*~*~ (retreating).
  2087 | D:3      | 2087 ||| Stepping ~*~*~tactically~*~*~ (retreating).
  2118 | D:3      | Killed Eustachio
  2283 | D:4      | Found a white marble altar of Elyvilon.
  2361 | D:4      | Reached skill level 8 in Ranged Weapons
  2368 | D:4      | Found a shadowy altar of Dithmenos.
  2369 | D:4      | Found a hide-covered altar of Uskayaw.
  2372 | D:4      | Found a glowing silver altar of Zin.
  2512 | D:4      | Noticed Pikel
  2513 | D:4      | 2513 ||| RETREEAATING.
  2518 | D:4      | 2518 ||| Stepping ~*~*~tactically~*~*~ (retreating).
  2519 | D:4      | 2519 ||| Stepping ~*~*~tactically~*~*~ (retreating).
  2520 | D:4      | 2520 ||| RETREEAATING.
  2537 | D:4      | Killed Pikel
  2538 | D:4      | Reached XP level 8. HP: 38/50 MP: 8/8
  3033 | D:4      | 3033 ||| READING scroll labelled DUHANATEQ.
  3129 | D:5      | Entered Level 5 of the Dungeon
  3231 | D:5      | HP: 8/50 [ogre/+0 giant club (26)]
  3232 | D:5      | 3232 ||| READING scroll of teleportation.
  3365 | D:5      | Reached skill level 9 in Ranged Weapons
  3436 | D:5      | Found a hazy altar of Hepliaklqana.
  3521 | D:5      | Reached skill level 6 in Fighting
  3521 | D:5      | Reached XP level 9. HP: 55/55 MP: 9/9
  3544 | D:5      | Found a blossoming altar of Fedhas.
  3972 | D:5      | 3972 ||| READING scroll labelled ZUNAOR GUXO.
  4025 | D:6      | Found a sacrificial altar of Ru.
  4053 | D:6      | Reached skill level 10 in Ranged Weapons
  4106 | D:6      | Noticed a gargoyle
  4114 | D:6      | HP: 5/56 [gargoyle/+0 mace (21)]
  4115 | D:6      | 4115 ||| READING scroll of teleportation.
  4116 | D:6      | Slain by a gargoyle

Levels and vault maps discovered:
D:1:      dpeg_arrival_three_smaller_balls, layout_basic,
          ebering_ecumenical_altar_webs, hangedman_decor_peaks_small
D:2:      layout_rooms, nicolae_shop_vocational, uniq_sigmund
D:3:      layout_loops_ring, nemelex_spade_bored_becter,
          lemuel_coloured_pillars_altar, uniq_ijyb
D:4:      layout_basic, minitemple, uniq_pikel, uniq_grinder, uniq_eustachio
D:5:      layout_gridville, mainiacjoe_overflow_small_starburst,
          nicolae_hepliaklqana_hazy_memory
D:6:      layout_rooms, hangedman_ru_absence, minmay_temple_entry_mini_moons,
          gammafunk_ghost_grave, uniq_jeremiah

Skill      XL: |  1  2  3  4  5  6  7  8  9 |
---------------+----------------------------+-----
Armour         | 1 2 |  2.0
Ranged Weapons | 5 6 8 9 10 | 10.0
Fighting       | 5 6 |  6.3
Dodging        | 4 |  4.5
Stealth        | |  1.1

Action                     |  1- 3 |  4- 6 |  7- 9 || total
---------------------------+-------+-------+-------++-------
   Fire: Shortbow          |    99 |    72 |   300 ||   471
    Use: Scroll            |     4 |     1 |     9 ||    14
         Potion            |       |     1 |       ||     1
 Armour: Leather armour    |    11 |       |       ||    11
         Ring mail         |    21 |    24 |   144 ||   189
  Dodge: Dodged            |    28 |    24 |   127 ||   179

Table legend:
 A = Non-vault XP
 B = Vault XP
 C = Vault XP percentage of total XP
 D = Non-vault monster count
 E = Vault monster count
 F = Vault count percentage of total count
                 A         B        C        D         E       F
            +---------+---------+-------+---------+---------+-------
      Total |    1627 |    1414 |  46.5 |     108 |       5 |   4.4
            +---------+---------+-------+---------+---------+-------
        D:1 |      37 |       0 |   0.0 |      22 |       0 |   0.0
        D:2 |      70 |     247 |  77.9 |      25 |       1 |   3.8
        D:3 |      30 |     232 |  88.5 |      16 |       2 |  11.1
        D:4 |     400 |     935 |  70.0 |      19 |       2 |   9.5
        D:5 |     938 |       0 |   0.0 |      20 |       0 |   0.0
        D:6 |     152 |       0 |   0.0 |       6 |       0 |   0.0
            +---------+---------+-------+---------+---------+-------
